Map: Winter Madness LE

Players

SHIN

  • Race: Zerg Zerg
  • League: Grandmaster
  • Spawn Location: 11:00

VITMaru (Maru) - Winner!

  • Race: Terran Terran
  • Spawn Location: 5:00

VOD

Have the link to the VOD?

Description

Time

  • Played on: Dec. 13, 2025, 4:21 a.m.
  • Length: 10:15
Show
View Real Time Build Order
Export as new Build Order

SHIN Zerg 

Build Orders: Pool First 

Get SALT Encoding   

  12  0:00  Drone  
  13  0:08  Drone  
  14  0:14  Drone, Extractor  
  15  0:22  Overlord  
  15  0:41  Drone x2  
  17  0:43  Spawning Pool  
  17  0:46  Drone  
  17  1:07  Hatchery  
  17  1:09  Drone  
  17  1:12  Drone  
  17  1:16  Drone  
  19  1:23  Extractor  
  18  1:27  Drone  
  18  1:31  Queen  
  21  1:38  Overlord  
  21  1:48  Zergling x2  
  22  1:59  Zergling x2  
  23  2:06  Queen  
  25  2:09  Drone  
  26  2:18  Queen  
  26  2:19  Drone  
  26  2:20  Drone  
  26  2:22  Metabolic Boost  
  30  2:30  Drone x2  
  32  2:38  Overlord  
  32  2:39  Drone x2  
  34  2:44  Drone  
  34  2:45  Drone  
  36  2:52  Overlord  
  36  2:59  Lair  
  36  3:01  Drone  
  36  3:05  Drone x2  
  39  3:17  Hatchery  
  38  3:21  Drone x2  
  40  3:27  Queen  
  40  3:31  Overlord  
  42  3:35  Zergling x4  
  44  3:42  Zergling x6  
  46  3:53  Zergling x12  
  52  3:57  Nydus Network  
  52  4:01  Overlord  
  51  4:07  Queen  
  53  4:11  Overlord  
  53  4:13  Zergling x2  
  53  4:15  Zergling x2  
  53  4:16  Zergling x2  
  56  4:20  Overseer  
  56  4:23  Zergling x4  
  57  4:41  Nydus Canal  
  57  4:42  Zergling x18  
  66  4:47  Zergling x4  
  66  4:52  Zergling x2  
  69  4:54  Queen  
  72  5:00  Zergling x4  
  72  5:06  Zergling x4  
  71  5:12  Zergling x4, Nydus Canal  
  67  5:15  Queen  
  67  5:16  Zergling x2  
  67  5:18  Zergling x2  
  67  5:24  Drone  
  67  5:27  Queen  
  67  5:28  Drone  
  67  5:30  Drone  
  68  5:35  Drone  
  69  5:44  Extractor  
  69  5:45  Drone x3  
  69  5:48  Drone, Extractor  
  69  5:49  Drone  
  72  5:50  Baneling Nest  
  72  5:56  Zergling x2  
  70  6:01  Zergling x4  
  70  6:02  Zergling x4  
  70  6:03  Zergling x2  
  66  6:06  Zergling x2  
  65  6:11  Zergling x2  
  65  6:12  Overlord  
  66  6:22  Zergling x8  
  64  6:28  Drone  
  64  6:29  Drone  
  64  6:30  Drone  
  64  6:31  Drone x2  
  69  6:35  Centrifugal Hooks, Baneling x8  
  69  6:38  Zergling x6  
  72  6:47  Overlord  
  72  6:48  Overlord  
  72  6:49  Overlord  
  72  6:50  Overlord  
  70  6:56  Evolution Chamber x2  
  68  7:02  Overlord  
  68  7:04  Overlord  
  68  7:07  Zergling x6  
  71  7:12  Drone x3  
  71  7:14  Zergling x4  
  76  7:20  Baneling x7  
  76  7:26  Zergling x6  
  77  7:32  Zergling x8  
  81  7:41  Zergling x2  
  81  7:43  Baneling x6  
  81  7:44  Baneling x7  
  82  7:47  Zergling x4  
  84  7:54  Zergling x10  
  89  8:00  Baneling x6  
  88  8:05  Zergling x2  
  88  8:06  Zergling x6  
  89  8:15  Zerg Melee Weapons Level 1  
  89  8:16  Drone x5  
  81  8:23  Drone x4  
  81  8:29  Overseer  
  81  8:30  Zergling x4  
  81  8:33  Drone  
  81  8:34  Drone  
  85  8:40  Zergling x8  
  89  8:49  Hatchery  
  89  8:54  Drone x4  
  89  8:55  Overseer  
  92  8:56  Baneling x2  
  92  9:00  Hydralisk Den  
  92  9:01  Baneling x3, Extractor  
  90  9:04  Drone x2  
  90  9:06  Zergling x4  
  93  9:16  Zergling x16  
  95  9:22  Spore Crawler  
  94  9:27  Spore Crawler  
  93  9:32  Drone x3  
  93  9:33  Drone  
  93  9:38  Zergling x16  
  106  9:47  Zergling x12  
  106  9:50  Spore Crawler  
  95  10:13  Hatchery  
Show
View Real Time Build Order
Export as new Build Order

VITMaru Terran - Winner!

Build Orders: Reaper Expand 

Get SALT Encoding   

  12  0:00  SCV  
  13  0:12  SCV  
  14  0:16  Supply Depot  
  14  0:24  SCV  
  15  0:38  SCV  
  15  0:41  Barracks  
  16  0:44  Refinery  
  16  0:50  SCV  
  17  1:02  SCV  
  18  1:14  SCV  
  19  1:28  Reaper, Orbital Command  
  20  1:37  Command Center  
  20  1:46  Supply Depot  
  20  1:53  SCV  
  21  1:59  Marine  
  22  2:05  SCV  
  23  2:08  Factory  
  23  2:17  SCV  
  23  2:22  Barracks Reactor  
  24  2:29  SCV  
  25  2:38  Command Center  
  25  2:42  SCV  
  27  2:52  Orbital Command  
  27  2:55  Barracks  
  27  2:57  SCV  
  27  3:06  Hellion x2  
  27  3:08  Barracks Tech Lab  
  27  3:10  SCV  
  32  3:19  SCV  
  33  3:23  SCV  
  34  3:27  Hellion x2  
  34  3:29  Stimpack  
  34  3:31  SCV, Marine  
  40  3:35  SCV  
  40  3:40  Refinery  
  41  3:43  SCV  
  41  3:47  SCV  
  42  3:52  Orbital Command  
  42  3:55  SCV  
  43  3:57  Marine  
  43  3:58  Marine x2  
  43  3:59  SCV  
  47  4:03  Factory Reactor  
  47  4:06  Starport  
  47  4:07  SCV  
  48  4:10  Refinery  
  48  4:11  SCV  
  48  4:14  Supply Depot  
  48  4:15  Marine x2  
  51  4:18  SCV, Marine  
  51  4:19  SCV  
  51  4:23  SCV  
  55  4:25  Supply Depot  
  55  4:30  SCV  
  56  4:33  SCV, Marine x2  
  56  4:35  SCV  
  56  4:36  Marine  
  56  4:37  Supply Depot  
  61  4:43  Orbital Command  
  61  4:45  Engineering Bay  
  61  4:46  Engineering Bay  
  61  4:49  Medivac x2  
  61  4:50  Factory Tech Lab  
  61  4:51  Marine x2  
  67  4:54  SCV x2  
  67  4:57  Marine  
  70  5:06  SCV x2  
  71  5:09  Marine  
  71  5:10  Siege Tank  
  71  5:12  SCV  
  76  5:18  SCV x2  
  76  5:21  Marine  
  76  5:24  SCV  
  79  5:30  SCV  
  79  5:31  SCV  
  79  5:36  Supply Depot x2  
  79  5:39  Terran Infantry Weapons Level 1, Terran Infantry Armor Level 1  
  79  5:40  SCV  
  79  5:42  SCV  
  81  5:46  Marine x3  
  84  5:56  SCV  
  83  6:00  SCV  
  83  6:03  Marine  
  83  6:04  Marine  
  85  6:05  SCV  
  85  6:07  Marine  
  85  6:08  SCV  
  85  6:09  Combat Shield  
  85  6:11  Starport Reactor  
  89  6:12  SCV  
  89  6:17  SCV  
  91  6:20  SCV  
  91  6:21  Marine x2  
  91  6:24  SCV  
  94  6:25  Marine  
  94  6:26  Barracks  
  94  6:27  Barracks  
  94  6:29  SCV  
  94  6:32  Barracks, Supply Depot  
  96  6:33  Supply Depot  
  96  6:35  Refinery  
  96  6:40  Factory Reactor  
  96  6:42  Marine x2  
  96  6:43  SCV x2, Marine  
  101  6:49  SCV  
  97  6:55  SCV x2  
  97  6:56  Command Center  
  97  6:58  Factory  
  97  6:59  Refinery, Medivac x2  
  103  7:01  SCV  
  103  7:07  SCV  
  103  7:08  Armory  
  105  7:10  Marine x3  
  105  7:14  SCV x2  
  110  7:16  Barracks Reactor x2  
  110  7:17  Supply Depot  
  110  7:18  Widow Mine x2  
  110  7:19  SCV  
  110  7:20  Marine x2  
  117  7:24  Supply Depot  
  117  7:25  Supply Depot  
  117  7:38  SCV x3, Marine  
  117  7:39  Barracks  
  117  7:40  Widow Mine x2  
  117  7:41  Barracks x2  
  117  7:42  Supply Depot  
  117  7:44  Factory Tech Lab  
  125  7:45  Marine x2  
  127  7:53  SCV x3  
  127  7:54  Marine x2  
  127  7:55  Marine x4  
  127  7:56  Marine  
  127  7:58  Refinery  
  137  8:03  Marine  
  138  8:06  Widow Mine, Drilling Claws  
  138  8:09  Marine  
  141  8:17  Widow Mine x2, Marine x7  
  133  8:21  SCV, Marine  
  133  8:25  SCV  
  121  8:27  Medivac x2  
  121  8:28  Widow Mine  
  121  8:31  Barracks Tech Lab x3  
  127  8:34  Marine  
  127  8:35  Marine x3  
  131  8:41  Supply Depot  
  131  8:42  SCV x2, Supply Depot  
  131  8:47  Planetary Fortress  
  133  8:50  SCV  
  133  8:54  SCV x2  
  133  8:55  Marauder, Marine x5  
  146  8:56  Marauder x3, Marine  
  146  9:01  Widow Mine  
  152  9:04  SCV  
  152  9:06  SCV x2  
  155  9:15  Marine x3  
  155  9:17  Widow Mine, Marauder x3  
  161  9:18  Widow Mine, Medivac x2  
  161  9:23  Widow Mine  
  164  9:27  Marine x3  
  164  9:28  Marauder  
  163  9:38  SCV x2, Marauder x2  
  167  9:39  Widow Mine x2, SCV  
  167  9:40  Supply Depot  
  167  9:43  Marauder, Marine x2  
  177  9:47  Widow Mine, Supply Depot  
  179  10:12  Command Center  
Tags
 
Add a new tag
Caveats
  • Supply blocks, unpowered buildings, or Contaminate may cause inaccurate times.
  • Supply counts are checked every 10 seconds.